Map: Abyssal Reef LE

Players

ROBOTOSS - Winner!

  • Race: Protoss Protoss
  • League: Diamond
  • Spawn Location: 5:00

Wednesday

  • Race: Protoss Protoss
  • League: Diamond
  • Spawn Location: 11:00

VOD

Have the link to the VOD?

Description

Time

  • Played on: June 3, 2017, 5:03 p.m.
  • Length: 13:44
Show
View Real Time Build Order
Export as new Build Order

ROBOTOSS Protoss - Winner!

Build Orders: Cannon Rush 

Get SALT Encoding   

  12  0:01  Probe (Chrono Boost)  
  13  0:12  Probe (Chrono Boost)  
  14  0:17  Pylon  
  14  0:23  Probe (Chrono Boost)  
  15  0:36  Probe (Chrono Boost)  
  15  0:39  Forge  
  16  0:46  Probe (Chrono Boost)  
  17  0:56  Pylon  
  17  0:59  Probe (Chrono Boost)  
  18  1:09  Probe (Chrono Boost)  
  18  1:11  Pylon  
  19  1:21  Photon Cannon  
  19  1:27  Photon Cannon  
  19  1:31  Photon Cannon  
  19  1:34  Photon Cannon  
  19  1:40  Photon Cannon  
  19  1:47  Photon Cannon  
  18  1:56  Pylon  
  18  2:07  Probe (Chrono Boost)  
  19  2:18  Probe (Chrono Boost), Photon Cannon  
  19  2:21  Nexus  
  20  2:29  Gateway  
  20  2:38  Assimilator  
  20  2:41  Assimilator  
  20  2:45  Probe (Chrono Boost)  
  21  2:56  Probe (Chrono Boost)  
  22  3:06  Probe (Chrono Boost)  
  23  3:17  Probe (Chrono Boost)  
  24  3:28  Probe (Chrono Boost)  
  24  3:30  Zealot  
  27  3:35  Probe (Chrono Boost)  
  27  3:36  Cybernetics Core  
  28  3:43  Pylon  
  28  3:45  Probe (Chrono Boost)  
  28  3:46  Probe (Chrono Boost)  
  30  3:56  Probe x2 (Chrono Boost)  
  30  3:57  Pylon  
  32  4:07  Probe x2 (Chrono Boost)  
  34  4:17  Stargate, Stalker  
  34  4:21  Stargate  
  36  4:27  Probe (Chrono Boost)  
  36  4:28  Probe (Chrono Boost)  
  37  4:59  Void Ray  
  37  5:00  Pylon  
  37  5:03  Probe (Chrono Boost)  
  42  5:07  Assimilator  
  42  5:09  Assimilator  
  42  5:10  Void Ray  
  42  5:13  Probe (Chrono Boost)  
  45  5:17  Photon Cannon  
  45  5:18  Photon Cannon  
  46  5:30  Probe x2 (Chrono Boost)  
  47  5:40  Probe (Chrono Boost)  
  47  5:42  Probe (Chrono Boost)  
  46  5:46  Void Ray  
  42  5:55  Probe (Chrono Boost)  
  51  6:01  Probe (Chrono Boost)  
  37  6:37  Probe (Chrono Boost)  
  35  6:40  Probe (Chrono Boost)  
  33  6:48  Probe (Chrono Boost)  
  33  6:52  Probe (Chrono Boost)  
  35  6:58  Probe (Chrono Boost)  
  34  7:02  Pylon  
  34  7:09  Probe (Chrono Boost)  
  34  7:39  Void Ray  
  30  7:49  Pylon  
  25  8:12  Void Ray  
  30  8:21  Probe (Chrono Boost)  
  30  8:33  Probe (Chrono Boost)  
  31  8:40  Probe (Chrono Boost)  
  32  8:45  Probe (Chrono Boost)  
  33  8:50  Probe (Chrono Boost)  
  34  8:58  Probe (Chrono Boost)  
  34  9:01  Probe (Chrono Boost)  
  32  9:23  Void Ray  
  35  9:27  Void Ray  
  40  9:39  Probe (Chrono Boost)  
  40  9:40  Mothership Core (Chrono Boost)  
  43  10:00  Probe x2 (Chrono Boost)  
  44  10:10  Probe (Chrono Boost), Void Ray  
  50  10:21  Probe (Chrono Boost)  
  50  10:30  Probe (Chrono Boost)  
  50  10:32  Probe (Chrono Boost)  
  52  10:42  Probe (Chrono Boost), Void Ray  
  53  10:43  Pylon  
  49  11:20  Void Ray  
  49  11:29  Void Ray  
  57  11:57  Void Ray  
  61  12:12  Void Ray  
Show
View Real Time Build Order
Export as new Build Order

Wednesday Protoss 

Build Orders:  

Get SALT Encoding   

  12  0:01  Probe (Chrono Boost)  
  13  0:12  Probe (Chrono Boost)  
  14  0:18  Pylon  
  14  0:22  Probe (Chrono Boost)  
  15  0:36  Probe (Chrono Boost)  
  15  0:39  Gateway  
  16  0:45  Assimilator  
  16  0:49  Probe (Chrono Boost)  
  17  1:00  Probe (Chrono Boost)  
  18  1:10  Probe (Chrono Boost)  
  19  1:15  Pylon  
  19  1:16  Pylon  
  19  1:21  Pylon  
  19  1:27  Zealot  
  21  1:38  Probe (Chrono Boost)  
  22  1:56  Probe (Chrono Boost)  
  23  2:08  Probe (Chrono Boost)  
  26  2:13  Cybernetics Core  
  25  2:23  Probe (Chrono Boost)  
  25  2:24  Assimilator  
  25  2:42  Probe (Chrono Boost)  
  26  2:54  Mothership Core (Chrono Boost)  
  28  3:21  Probe (Chrono Boost), Warp Gate  
  28  3:24  Pylon  
  28  3:31  Probe (Chrono Boost)  
  28  3:32  Gateway  
  28  3:33  Gateway  
  29  3:42  Probe (Chrono Boost)  
  30  3:52  Probe (Chrono Boost)  
  30  3:53  Gateway  
  31  3:59  Stalker  
  33  4:03  Probe (Chrono Boost)  
  33  4:09  Pylon  
  34  4:17  Probe (Chrono Boost)  
  33  4:25  Stalker  
  33  4:26  Stalker  
  33  4:28  Stalker  
  33  4:29  Probe (Chrono Boost)  
  40  4:38  Robotics Facility  
  40  4:45  Stalker  
  42  4:55  Stalker  
  42  4:58  Stalker  
  46  5:11  Stalker  
  48  5:15  Stalker  
  50  5:23  Warp Prism  
  52  5:32  Pylon x2  
  52  5:59  Stalker  
  52  6:00  Stalker x3  
  48  6:37  Adept x4  
  44  7:04  Stalker  
  44  7:05  Stalker x3  
  46  7:27  Stalker  
  46  7:28  Stalker x3  
  46  7:51  Stalker x4  
  42  7:57  Probe (Chrono Boost)  
  47  8:15  Adept x4  
  51  8:37  Stalker x3  
  57  8:43  Stalker  
  41  9:26  Nexus  
  35  10:00  Twilight Council  
  35  10:02  Stalker  
  37  10:13  Stalker  
  39  10:24  Stalker  
  41  10:38  Stalker  
  43  10:46  Probe (Chrono Boost)  
  43  10:48  Stalker  
  46  10:57  Stalker  
  42  11:14  Stalker x3  
  40  11:24  Stalker  
  40  11:34  Pylon  
  40  11:35  Probe (Chrono Boost)  
  40  11:37  Mothership Core (Chrono Boost)  
  40  11:38  Stalker  
  41  11:57  Stalker x2  
  41  11:58  Stalker  
  36  12:23  Stalker x3  
  36  12:28  Stalker  
Tags
 
Add a new tag
Caveats
  • Supply blocks, unpowered buildings, or Contaminate may cause inaccurate times.
  • Supply counts are checked every 10 seconds.